 Dungeon Crawl Stone Soup version 0.20-a0-1126-g0f15420 (webtiles) character file.

431 AlphabetPasta the Bolt Thrower (level 6, 0/52 HPs)
             Began as a Gnoll Hunter on May 16, 2017.
             Slain by Edmund
             ... wielding a +0 dire flail of draining
              (3 damage)
             ... on level 3 of the Dungeon on May 17, 2017.
             The game lasted 00:14:38 (3610 turns).

AlphabetPasta the Bolt Thrower (Gnoll Hunter)       Turns: 3610, Time: 00:14:38

Health: 0/52       AC:  8    Str: 13    XL:     6   Next: 99%
Magic:  6/6        EV:  8    Int: 14    God:
Gold:   106        SH:  0    Dex: 15    Spells: 5/5 levels left

rFire    . . .     SeeInvis .   a - +1 flail (protect)
rCold    . . .     Gourm    .   (no shield)
rNeg     . . .     Faith    .   h - +0 scale mail
rPois    .         Spirit   .   (no helmet)
rElec    .         Reflect  .   (no cloak)
rCorr    .         Harm     .   e - +1 pair of gloves
MR       .....                  (no boots)
Stlth    ..........             (no amulet)
Regen    0.2/turn               j - +3 ring of intelligence
MPRegen  0.1/turn               (no ring)

@: extremely drained
A: short attention span, fangs 1, strong nose
a: no special abilities


You were on level 3 of the Dungeon.
You were not hungry.

You visited 1 branch of the dungeon, and saw 4 of its levels.

You collected 106 gold pieces.

Inventory:

Hand Weapons
 a - a +1 flail of protection (weapon)
 b - a +1 hand crossbow
 i - a +0 short sword
 l - a +0 flail
Missiles
 d - 19 bolts
Armour
 c - a +0 leather armour
 e - a +1 pair of gloves (worn)
 h - a +0 scale mail (worn)
Jewellery
 j - a +3 ring of intelligence (left hand)
Wands
 n - a wand of acid (7/15)
Scrolls
 g - 2 scrolls of teleportation
 p - 2 scrolls of remove curse
Potions
 m - a potion of brilliance
 q - a potion of lignification {unknown}
Comestibles
 f - 2 bread rations
 k - a meat ration
 o - a royal jelly
 t - 4 fruits


   Skills:
 + Level 5.7(0.0) Fighting
 * Level 4.6(0.0) Maces & Flails
 * Level 7.7(0.0) Crossbows
 + Level 3.8(0.0) Armour
 + Level 5.2(0.0) Dodging
 - Level 1.5(0.0) Stealth
 + Level 1.2(0.0) Evocations


You had 5 spell levels left.
You didn't know any spells.

Dungeon Overview and Level Annotations

Branches:
Dungeon (4/15)
 Temple: D:4-7

Altars:

Annotations:
D:3 Edmund
D:4 Pikel


Innate Abilities, Weirdness & Mutations

You have a short attention span.
You have very sharp teeth.
Your uncanny sense of smell can sniff out nearby items.


Message History

Edmund is almost dead.
Edmund hits you with a dire flail of draining.
* * * LOW HITPOINT WARNING * * *
You feel drained.
* * * LOW HITPOINT WARNING * * *
You closely miss Edmund. Your bite misses Edmund.
Edmund is almost dead.
Edmund barely misses you.
You barely miss Edmund.
Edmund is almost dead.
Edmund hits you with a dire flail of draining.
* * * LOW HITPOINT WARNING * * *
You feel drained. Edmund hits you but does no damage.
You feel drained.
Your scale mail prevents you from hitting Edmund.
Edmund is almost dead.
Edmund closely misses you.
You closely miss Edmund.
Edmund is almost dead.
Edmund hits you with a dire flail of draining.
You die...

#.#######.....#.####)####.##
#.# #.....#.#(.'.'..#.#. #.#
#.....#.#..#)#..#.#. #.#
###...#.#'##.#'##.#'
#.#########...#.............
#......#......#.#'##.#'##.#'
######.#...>..#.#..#.#..#.#.
##.........#.#.⌠#.#..'.'.
#.###.##@@.#.####.####.##
#.# #.##...#.............
#.###......##############
##...####### ###..... #####
#......# #.#..#.#
####.#..#.. #..........
#.##.#.####


You could see Edmund.

Vanquished Creatures
  Sigmund (D:3)
  A hound (D:3)
  An orc priest (D:3)
  Jessica (D:3)
  An iguana (D:4)
  A worker ant (D:4)
  5 adders
  2 oozes (D:1)
  2 worms
  A dart slug (D:1)
  9 orcs (D:3)
  2 giant cockroaches (D:2)
  7 goblins
  5 hobgoblins
  3 quokkas
  A ball python skeleton (D:4)
  9 bats
  8 frilled lizards
  5 kobolds
  7 rats
72 creatures vanquished.

Notes
Turn   | Place    | Note
-------+----------+-------------------------------------------
     0 | D:1      | AlphabetPasta the Gnoll Hunter began the quest for the Orb.
     0 | D:1      | Reached XP level 1. HP: 18/18 MP: 1/1
   236 | D:1      | Reached XP level 2. HP: 25/25 MP: 2/2
   398 | D:1      | Reached skill level 1 in Armour
   552 | D:1      | Reached XP level 3. HP: 30/30 MP: 3/3
  1257 | D:2      | Reached XP level 4. HP: 38/38 MP: 4/4
  1657 | D:3      | Noticed Jessica
  1662 | D:3      | Killed Jessica
  1662 | D:3      | Reached skill level 1 in Maces & Flails
  1662 | D:3      | Reached skill level 7 in Crossbows
  2029 | D:3      | Noticed Sigmund
  2052 | D:3      | Killed Sigmund
  2052 | D:3      | Reached skill level 5 in Fighting
  2052 | D:3      | Reached XP level 5. HP: 15/44 MP: 5/5
  2052 | D:3      | Reached XP level 6. HP: 17/51 MP: 6/6
  2891 | D:3      | Reached skill level 5 in Dodging
  3456 | D:4      | Noticed a slave
  3456 | D:4      | Noticed a slave
  3456 | D:4      | Noticed a slave
  3457 | D:4      | Noticed a slave
  3458 | D:4      | Noticed Pikel
  3503 | D:3      | Reached skill level 1 in Evocations
  3554 | D:4      | Noticed Edmund
  3608 | D:3      | HP: 2/52 [Edmund/dire flail of draining (1)]
  3610 | D:3      | Slain by Edmund

Vault maps used:
D:1:      saegor_arrival_simple_a
D:2:      first_bread, patterned_corridor
D:3:      minmay_door_path, st_stairs_10, minmay_misc_feat_roman, uniq_jessica,
          uniq_sigmund
D:4:      uniq_edmund, uniq_pikel, uniq_menkaure

Skill      XL: |  1  2  3  4  5  6 |
---------------+-------------------+-----
Fighting       | 4 5 |  5.7
Armour         | 1 2 3 |  3.8
Dodging        | 4 5 |  5.2
Maces & Flails | 3 4 |  4.6
Crossbows      | 7 |  7.7
Evocations     | 1 |  1.2
Stealth        | |  1.5

Action                   |  1- 3 |  4- 6 || total
-------------------------+-------+-------++-------
Melee: Short sword       |   125 |       ||   125
       Bite              |    14 |    18 ||    32
       Flail             |    31 |   223 ||   254
 Fire: Hand crossbow     |     7 |    16 ||    23
  Use: Scroll            |     3 |     5 ||     8
       Potion            |       |     2 ||     2
  Eat: Chunk             |     1 |     8 ||     9
Armor: Leather armour    |    11 |       ||    11
       Scale mail        |    49 |    92 ||   141
Dodge: Dodged            |    88 |   130 ||   218
